AoeStats
← Franquitoo

Arabian Desert

509327435Analyzed
1v1 RM · 6d ago on Sep 26, 2026· 43m 7s· 2 players
Game mode
Random Map
Map size
Tiny (2 player)
Population
200
Speed
Normal
Resources
Standard
Victory
Conquest
Starting age
Dark Age
Ending age
Imperial Age
RankedLock teamsTeams togetherTeam positionsShared explorationLock speedFull tech treeHidden civsTurbo modeCheats
Victory
Defeat
🇦🇷 Khmer · Argentina
736
+15
🇺🇸 Magyars · United States
713
-15
dogman
10:21 Feudal Age
10:33 Man-at-Arms
11:01 Double-Bit Axe
12:40 Loom
13:04 Horse Collar
23:32 Castle Age
21:43 Padded Archer Armor
22:20 Scale Mail Armor
22:39 Fletching
24:35 Bow Saw
24:29 Heavy Plow
24:07 Pikeman
26:01 Elite Skirmisher
29:23 Crossbowman
30:09 Thumb Ring
31:12 Wheelbarrow
32:54 Chain Mail Armor
36:10 Hand Cart
35:41 Town Watch
36:33 Town Patrol
41:27 Imperial Age
38:59 Bodkin Arrow
39:37 Leather Archer Armor
40:50 Ballistics
Franquitoo
0:59 Loom
11:30 Feudal Age
12:08 Man-at-Arms
17:12 Double-Bit Axe
18:16 Horse Collar
21:20 Castle Age
20:29 Arson
22:11 Wheelbarrow
21:39 Town Watch
23:57 Bow Saw
23:59 Crossbowman
24:45 Long Swordsman
28:23 Stone Mining
28:26 Gold Mining
30:41 Stone Shaft Mining
30:24 Heavy Plow
33:21 Elite Skirmisher
36:08 Hand Cart
39:00 Gold Shaft Mining
38:57 Tusk Swords
39:09 Fletching
39:31 Forging
43:50 Imperial Age
Connection lost

Rejoining the realm…

Still unreachable

The connection could not be restored.

Session expired

The server has moved on; the page needs a fresh start.